 Dungeon Crawl Stone Soup version 0.18-a0-1392-g59a4c01 (webtiles) character file.

889 Arkorax the Skirmisher (level 7, 0/64 HPs)
             Began as a White Draconian Wanderer on Feb 23, 2016.
             Was a Follower of Ru.
             Slain by a gnoll sergeant
             ... wielding a +2 spear of distortion
              (17 damage)
             ... on level 5 of the Dungeon.
             The game lasted 00:05:47 (4035 turns).

Arkorax the Skirmisher (White Draconian Wanderer)   Turns: 4035, Time: 00:05:48

Health: 0/64       AC:  8    Str: 14    XL:     7   Next: 77%
Magic:  16/16      EV: 17    Int: 13    God:    Ru [*.....]
Gold:   194        SH:  0    Dex: 12    Spells: 0 memorised, 6 levels left

rFire  . . .     SeeInvis .     a - +3 spear
rCold  + . .     Gourm    .     (armour unavailable)
rNeg   . . .     Faith    .     (no shield)
rPois  .         Spirit   .     m - +2 hat
rElec  .         Dismiss  .     (no cloak)
rCorr  .         Reflect  .     (no gloves)
SustAt .         Harm     .     (no boots)
MR     .....                    (no amulet)
Stlth  +.........               o - +4 ring of evasion
                                q - ring of magical power

@: short of breath, not resistant to hostile enchantments, very unstealthy
A: breathe frost, unfitting armour, cold resistance 1, cold-blooded, hated by
all, AC +6
a: Breathe Frost, Renounce Religion


You were on level 5 of the Dungeon.
You worshipped Ru.
Ru was aware of your devotion.
You were not hungry.

You visited 1 branch of the dungeon, and saw 5 of its levels.

You collected 194 gold pieces.

Inventory:

Hand Weapons
 a - a +3 spear (weapon)
 u - a +2 dagger of electrocution
 y - a +0 vampiric whip
Armour
 m - a +2 hat (worn)
Jewellery
 o - a +4 ring of evasion (right hand)
 q - a ring of magical power (left hand)
 w - a cursed ring of teleportation {unknown}
Scrolls
 e - 3 scrolls of teleportation {unknown}
 f - 4 scrolls of identify {unknown}
 h - a scroll of magic mapping {unknown}
 j - 4 scrolls of fear {unknown}
 k - 2 scrolls of recharging {unknown}
 s - a scroll of enchant armour {unknown}
 t - 2 scrolls of amnesia
 v - 3 scrolls of immolation {unknown}
 x - a scroll of noise {unknown}
Potions
 b - 2 potions of curing
 c - a potion of lignification
 g - 2 potions of flight {unknown}
 i - a potion of brilliance {unknown}
 n - a potion of magic {unknown}
 p - a potion of resistance {unknown}
 z - 2 potions of heal wounds {unknown}
Comestibles
 d - a bread ration
 l - 2 royal jellies
 r - a meat ration
 A - 6 chunks of flesh


   Skills:
 * Level 6.9 Fighting
 * Level 5.6 Polearms
 - Level 1.0 Throwing
 + Level 3.3 Dodging
 - Level 1.0 Stealth
   Level 1.0 Shields
   Level 1.5 Fire Magic
   Level 1.0 Poison Magic


You had 6 spell levels left.
You didn't know any spells.

Dungeon Overview and Level Annotations

Branches:
Dungeon (5/15)
 Temple: D:4-7

Altars:
Ashenzari
Kikubaaqudgha
Nemelex Xobeh
Okawaru
Qazlal
Ru
Vehumet
Xom
The Shining One


Innate Abilities, Weirdness & Mutations

You can breathe waves of freezing cold.
You can buffet flying creatures when you breathe cold.
Your icy white scales are hard (AC +6).
Your body does not fit into most forms of armour.
Your flesh is cold resistant.
You are cold-blooded and may be slowed by cold attacks.
You are hated by all.


Message History

You closely miss the giant frog.
The giant frog is moderately wounded.
The giant frog misses you. The giant frog hits you.
You puncture the giant frog!
The giant frog is severely wounded.
The giant frog misses you. The gnoll sergeant closely misses you.
You hit the giant frog.
The giant frog is almost dead.
The giant frog completely misses you.
You closely miss the giant frog.
The giant frog is almost dead.
The giant frog barely misses you.
The gnoll sergeant hits you from afar with a spear of distortion!
Space warps horribly around you!
You puncture the giant frog!
You kill the giant frog!
The gnoll sergeant hits you from afar with a spear of distortion.
* * * LOW HITPOINT WARNING * * *
Space warps horribly around you!
You die...

#.....########......##...........
............#.......##.....#.....
.....[......#.....#......###.....
............#.....#......# ....
............#.....#......# ##.
............#.....#...... . ...
............###...#.......# ...
............# #...# ..# ...
............###.@.## ...#
.................†.# ....#
..................g##.....#
....#### #..........g.g....
........ #...♣.♣.♣.♣.♣.♣...
........ #................
........##.♣.♣.♣.♣.♣.♣.♣.♣
........#................
........#..♣.♣.♣.♣.♣.♣.♣.♣


You could see a gnoll sergeant and a gnoll (wandering).

Vanquished Creatures
  A sky beast (D:5)
  An ogre (D:4)
  A phantom (D:4)
  A centaur (D:5)
  A giant frog (D:5)
  2 crimson imps
  An orc priest (D:4)
  A hound (D:5)
  2 centaur skeletons (D:4)
  4 worker ants
  4 gnolls
  7 adders
  2 oozes
  A worm (D:2)
  A dart slug (D:2)
  5 giant geckos
  8 orcs
  4 bats (D:2)
  6 giant cockroaches
  5 goblins
  10 hobgoblins
  12 jackals
  2 ball pythons
  2 giant gecko skeletons (D:4)
  A giant gecko zombie (D:5)
  2 giant newts (D:1)
  4 kobolds
  5 rats
96 creatures vanquished.

Vanquished Creatures (others)
  A human (D:4)
1 creature vanquished.

Grand Total: 97 creatures vanquished

Notes
Turn   | Place    | Note
--------------------------------------------------------------
     0 | D:1      | Arkorax the Draconian Wanderer began the quest for the Orb.
     0 | D:1      | Arkorax set off with: a +2 spear, a potion of curing, a potion of lignification, a bread ration
     0 | D:1      | Reached XP level 1. HP: 19/19 MP: 1/1
   153 | D:1      | Reached XP level 2. HP: 26/26 MP: 2/2
   281 | D:1      | Reached skill level 1 in Dodging
   457 | D:2      | Reached XP level 3. HP: 27/31 MP: 3/3
  1061 | D:2      | Reached XP level 4. HP: 31/40 MP: 4/4
  1194 | D:2      | Reached skill level 4 in Fighting
  1655 | D:3      | Reached XP level 5. HP: 38/47 MP: 5/5
  2312 | D:3      | Found an ancient bone altar of Kikubaaqudgha.
  2434 | D:4      | Reached skill level 5 in Fighting
  2606 | D:4      | Found a shattered altar of Ashenzari.
  2623 | D:4      | Found a shimmering altar of Xom.
  2625 | D:4      | Found an iron altar of Okawaru.
  2628 | D:4      | Found a sacrificial altar of Ru.
  2629 | D:4      | Found a glowing golden altar of the Shining One.
  2630 | D:4      | Found a stormy altar of Qazlal.
  2633 | D:4      | Became a worshipper of Ru the Awakened
  2635 | D:4      | Found a sparkling altar of Nemelex Xobeh.
  2795 | D:4      | Reached XP level 6. HP: 56/56 MP: 6/6
  3022 | D:4      | Found a radiant altar of Vehumet.
  3241 | D:4      | Found an ancient bone altar of Kikubaaqudgha.
  3243 | D:4      | Noticed a human
  3245 | D:4      | Killed a human
  3362 | D:4      | Reached skill level 6 in Fighting
  3362 | D:4      | Reduced skill Fire Magic to level 1
  3362 | D:4      | Reached XP level 7. HP: 53/63 MP: 7/7
  3362 | D:4      | Your scales start taking on an icy white colour.
  3362 | D:4      | Gained mutation: Your flesh is cold resistant. [White Draconian growth]
  3528 | D:5      | Entered Level 5 of the Dungeon
  3534 | D:5      | Reached skill level 5 in Polearms
  3997 | D:5      | Gained mutation: You are hated by all. [Ru sacrifice]
  3997 | D:5      | Reached * piety under Ru
  4035 | D:5      | Slain by a gnoll sergeant

Vault maps used:
D:1:      dpeg_arrival_more_subterranean_lakeside_camping
D:2:      first_bread
D:3:      cheibriados_altar_1, old_standard_altar
D:4:      minitemple, fiery_altar_vehumet, tgw_kikubaaqudgha
D:5:      lemuel_ratsnest, kennysheep_little_box, kennysheep_crisscross

Skill      XL: |  1  2  3  4  5  6  7 |
---------------+----------------------+-----
Polearms       | 2 3 4 5 |  5.6
Dodging        | 1 2 3 |  3.3
Fighting       | 4 5 6 |  6.9
Fire Magic     | 1 |  1.5
Throwing       | |  1.0
Stealth        | |  1.0
Shields        | |  1.0
Poison Magic   | |  1.0

Action                   |  1- 3 |  4- 6 |  7- 9 || total
-------------------------+-------+-------+-------++-------
Melee: Spear             |   128 |   222 |    51 ||   401
       Dagger            |       |    18 |     2 ||    20
Invok: Sacrifice Love    |       |       |     1 ||     1
 Abil: Breathe Frost     |       |       |     2 ||     2
  Use: Scroll            |       |     3 |       ||     3
 Stab: Sleeping          |     4 |     2 |       ||     6
  Eat: Chunk             |       |     7 |       ||     7
       Bread ration      |       |     1 |       ||     1
